 Dungeon Sprint DCSS version 0.30.0-29-ga12c61a403 (webtiles) character file.

Game seed: 14422037579452435767

19796 Groucho the Formicid Aeon (level 13, -11/111 HPs)
             Began as a Formicid Fighter on June 24, 2023.
             Was the Champion of Cheibriados.
             Killed from afar by an ice dragon (39 damage)
             ... with a blast of cold
             ... in the Dungeon (Sprint IX: "|||||||||||||||||||||||||||||").
             The game lasted 00:10:04 (3770 turns).

Groucho the Formicid Aeon (Formicid Fighter)        Turns: 3770, Time: 00:10:04

Health: -11/111    AC: 18    Str: 36    XL:     13   Next: 7%
Magic:  3/24       EV: 20    Int: 20    God:    Cheibriados [******]
Gold:   220        SH: 34    Dex: 32    Spells: 12/12 levels left

rFire   . . .        m - +2 dire flail (heavy)
rCold   . . .        o - +10 tower shield of Ignorance {rN+ Int-4}
rNeg    + . .        p - +1 chain mail
rPois   .            (helmet unavailable)
rElec   .            (no cloak)
rCorr   .            v - +0 pair of gloves
SInv    +            a - +0 pair of boots
Will    +....        (no amulet) Stlth
                     l - +2 ring of protection
HPRegen 0.38/turn    c - +4 ring of slaying
MPRegen 0.19/turn

%: no passive effects
@: very slow
A: permanent stasis, dig shafts and tunnels, antennae 3, four strong arms
a: Dig, Renounce Religion, Bend Time, Temporal Distortion, Slouch, Step From
Time


You were in the Dungeon.
You worshipped Cheibriados.
Cheibriados was exalted by your worship.
You visited 1 branch You collected 1921 gold pieces.
You spent 1701 gold pieces at shops.

Inventory:

Hand Weapons
 b - a +0 arbalest
 h - a +2 great mace of protection
 m - a +2 heavy dire flail (weapon)
Armour
 a - a +0 pair of boots (worn)
 o - the +10 tower shield of Ignorance (worn) {rN+ Int-4}
   (You bought it in a shop in the Dungeon)

   Int:       It affects your intelligence (-4).
   rN:        It protects you from negative energy.
 p - a +1 chain mail (worn)
 v - a +0 pair of gloves (worn)
 w - a +1 pair of gloves
Jewellery
 c - a +4 ring of slaying (right hand)
 l - a +2 ring of protection (left hand)
 n - a ring of protection from cold
Wands
 f - a wand of iceblast (17)
 k - a wand of acid (10)
 q - a wand of charming (7)
Scrolls
 j - 2 scrolls of amnesia
 r - 2 scrolls of fear
 s - a scroll of identify
 t - a scroll of fog
 u - 8 scrolls of enchant weapon
Potions
 d - 3 potions of might
 e - 6 potions of curing
 g - 4 potions of magic
 i - a potion of invisibility
 x - 2 potions of brilliance


   Skills:
 + Level 13.1 Fighting
 * Level 14.9 Maces & Flails
 * Level 13.1 Ranged Weapons
 + Level 13.1 Armour
 + Level 10.7 Dodging
 + Level 15.4 Shields
 * Level 15.4 Invocations


You had 12 spell levels left.
You didn't know any spells.
Your spell library was empty.

Dungeon Overview and Level Annotations

Branches:
Dungeon (1/1)

Altars:
Cheibriados
Dithmenos
Elyvilon
Fedhas
Gozag
Hepliaklqana
Kikubaaqudgha
Makhleb
Nemelex Xobeh
Okawaru
Qazlal
Ru
Sif Muna
Trog
Uskayaw
Vehumet
Wu Jian
Xom
Yredelemnul
Zin
The Shining One
Jiyva
Lugonu

Shops:
D =**[


Innate Abilities, Weirdness & Mutations

You cannot be hasted, slowed, berserked, paralysed or teleported.
You can dig through walls and to a lower floor.
You have a pair of large antennae on your head. (SInv)
Your four strong arms can wield two-handed weapons with a shield.


Message History

You hit the ettin.
The ettin is moderately wounded.
You block the ettin's attack. x2
You stick the ettin like a pincushion!!!
The ettin is almost dead.
You block the ettin's attack.
The ettin hits you with a +0 great mace!!
You are too injured to fight recklessly!
You are too injured to fight recklessly!
You are too injured to fight recklessly!
Activating: Slouch (0% risk of failure)
Press: ? - help, Dir - look around, f - activate You can feel time thicken for a moment.
You kill the ettin!
Cheibriados appreciates the change of pace.
Unknown command.
Unknown command.
Activating: Slouch (0% risk of failure)
Press: ? - help, Dir - look around, f - activate You can feel time thicken for a moment.
You block the ice dragon's attack. x3
Unknown command.
Unknown command.
You don't have enough magic at the moment.
Unknown command.
You feel better. The ice dragon breathes frost at you.
The blast of cold hits you!
* * * LOW HITPOINT WARNING * * *
Unknown command.
Unknown command.
You hit the ice dragon but do no damage.
The ice dragon is heavily wounded.
You block the ice dragon's attack. x2; The ice dragon closely misses you.
Unknown command.
Unknown command.
You hammer the ice dragon like a gong!!!
The ice dragon is almost dead.
The ice dragon breathes frost at you. The blast of cold hits you!!!
You die...

▓_▓.▓.▓.▓.▓.▓.▓
{
▓_▓.▓.▓.▓.▓.▓.▓
{
▓_▓.▓.▓.▓)▓.▓.▓
{
▓'▓.▓†▓.▓)▓.▓.▓
{
▓.▓.▓.▓.▓)▓.▓'▓
{
▓.▓.▓.▓.▓)▓.▓)▓
{
▓)▓.▓†▓.▓)▓.▓.▓
{
▓.▓.▓.▓.▓)▓.▓.▓
▓.▓.▓.▓.▓∩▓.▓@▓
{
▓[▓.▓.▓.▓)▓.▓D▓
{
▓[▓.▓.▓.▓∩▓.▓C▓
{
▓.▓.▓.▓.▓)▓.▓C▓
{
▓.▓.▓.▓.▓∩▓.▓D▓
{
▓)▓.▓)▓.▓)▓.▓.▓
{
▓)▓.▓.▓.▓∩▓.▓.▓
{
▓.▓.▓?▓.▓[▓.▓.▓
{
▓.▓.▓'▓.▓.▓.▓{
{


You could see 2 ice dragons and 2 stone giants.

Vanquished Creatures
  A stone giant (D)
  2 ettins (D)
  2 ogre magi (D)
  2 centaur warriors (D)
  Erica (D)
  A two-headed ogre (D)
  A boulder beetle (D)
  3 orc high priests (D)
  A glowing orange brain (shapeshifter) (D)
  4 orc sorcerers (D)
  A deep elf pyromancer (D)
  5 orc knights (D)
  A cyclops (D)
  An elephant (D)
  2 black mambas (D)
  A cane toad (D)
  A rime drake (D)
  4 komodo dragons (D)
  A queen bee (shapeshifter) (D)
  3 polar bears (D)
  A blink frog (shapeshifter) (D)
  2 slime creatures (D)
  A wyvern (D)
  2 yaks (D)
  A basilisk (D)
  A vampire mosquito (D)
  A water moccasin (D)
  9 orc warriors (D)
  6 black bears (D)
  2 centaurs (D)
  A kobold brigand (D)
  3 bullfrogs (D)
  2 scorpions (D)
  A gnoll sergeant (D)
  A killer bee (D)
  A hound (D)
  4 orc priests (D)
  A hell rat (D)
  2 orc wizards (D)
  An ufetubus (D)
  11 orcs (D)
  An endoplasm (D)
  A jackal (D)
  A ball python (D)
  A bat (D)
  A frilled lizard (D)
97 creatures vanquished.

Vanquished Creatures (others)
  An orc (D)
1 creature vanquished.

Grand Total: 98 creatures vanquished

Notes
Turn   | Place    | Note
-------+----------+-------------------------------------------
     0 | D        | Groucho the Formicid Fighter began the quest for the Orb.
     0 | D        | Reached XP level 1. HP: 18/18 MP: 1/1
    17 | D        | Reached skill level 1 in Dodging
   251 | D        | Noticed a scorpion
   251 | D        | Noticed a hound
   251 | D        | Noticed a scorpion
   261 | D        | Killed a scorpion
   262 | D        | Reached skill level 5 in Fighting
   262 | D        | Reached skill level 5 in Armour
   262 | D        | Reached XP level 2. HP: 18/27 MP: 2/2
   262 | D        | Reached XP level 3. HP: 22/33 MP: 3/3
   262 | D        | Reached XP level 4. HP: 26/39 MP: 4/4
   270 | D        | Killed a scorpion
   271 | D        | Reached XP level 5. HP: 32/46 MP: 5/5
   272 | D        | Reached skill level 5 in Maces & Flails
   729 | D        | Found a snail-covered altar of Cheibriados.
   729 | D        | Found a shadowy altar of Dithmenos.
   729 | D        | Found a white marble altar of Elyvilon.
   729 | D        | Found a blossoming altar of Fedhas.
   729 | D        | Found an opulent altar of Gozag.
   730 | D        | Found a hazy altar of Hepliaklqana.
   731 | D        | Found a viscous altar of Jiyva.
   732 | D        | Found an ancient bone altar of Kikubaaqudgha.
   733 | D        | Became a worshipper of Cheibriados the Contemplative
   734 | D        | Found a corrupted altar of Lugonu.
   735 | D        | Found a burning altar of Makhleb.
   736 | D        | Found a sparkling altar of Nemelex Xobeh.
   737 | D        | Found an iron altar of Okawaru.
   738 | D        | Found a stormy altar of Qazlal.
   739 | D        | Found a sacrificial altar of Ru.
   740 | D        | Found a shimmering blue altar of Sif Muna.
   741 | D        | Found a bloodstained altar of Trog.
   742 | D        | Found a hide-covered altar of Uskayaw.
   743 | D        | Found a radiant altar of Vehumet.
   744 | D        | Found an ornate altar of the Wu Jian Council.
   745 | D        | Found a shimmering altar of Xom.
   746 | D        | Found a basalt altar of Yredelemnul.
   747 | D        | Found a glowing silver altar of Zin.
   748 | D        | Found a glowing golden altar of the Shining One.
   787 | D        | Noticed a kobold brigand
   787 | D        | Noticed an orc warrior
   787 | D        | Noticed a yak
   787 | D        | Noticed a centaur
   794 | D        | Killed a kobold brigand
   795 | D        | Reached XP level 6. HP: 37/53 MP: 6/6
   800 | D        | Killed an orc warrior
   800 | D        | Reached * piety under Cheibriados
   801 | D        | Reached skill level 5 in Dodging
   804 | D        | Killed a yak
   805 | D        | Reached XP level 7. HP: 40/61 MP: 7/7
   808 | D        | Reached ** piety under Cheibriados
   817 | D        | Reached *** piety under Cheibriados
   818 | D        | Reached skill level 10 in Shields
  1131 | D        | Noticed a two-headed ogre
  1131 | D        | Noticed a blink frog
  1131 | D        | Noticed a centaur warrior
  1131 | D        | Noticed a vampire mosquito
  1131 | D        | Noticed a slime creature
  1139 | D        | Killed a two-headed ogre
  1140 | D        | Reached XP level 8. HP: 49/71 MP: 7/11
  1150 | D        | Killed a blink frog
  1151 | D        | Reached skill level 5 in Invocations
  1151 | D        | Reached XP level 9. HP: 34/76 MP: 8/12
  1153 | D        | Killed a centaur warrior
  1153 | D        | Reached **** piety under Cheibriados
  1154 | D        | Reached skill level 5 in Ranged Weapons
  1159 | D        | Reached ***** piety under Cheibriados
  1662 | D        | Noticed a komodo dragon
  1662 | D        | Noticed a cane toad
  1664 | D        | Noticed a komodo dragon
  1667 | D        | Killed a komodo dragon
  1668 | D        | Reached skill level 10 in Fighting
  1668 | D        | Reached skill level 10 in Maces & Flails
  1668 | D        | Reached skill level 10 in Armour
  1669 | D        | Noticed a polar bear
  1674 | D        | Reached XP level 10. HP: 85/85 MP: 14/16
  1681 | D        | Reached ****** piety under Cheibriados
  1686 | D        | Killed a cane toad
  1692 | D        | Killed a komodo dragon
  2037 | D        | Noticed an elephant
  2037 | D        | Noticed a komodo dragon
  2037 | D        | Noticed a black mamba
  2039 | D        | Noticed a black mamba
  2041 | D        | Killed an elephant
  2044 | D        | Noticed a rime drake
  2045 | D        | Killed a komodo dragon
  2051 | D        | Reached skill level 10 in Invocations
  2053 | D        | Killed a black mamba
  2058 | D        | Killed a black mamba
  2059 | D        | Killed a rime drake
  2060 | D        | Reached XP level 11. HP: 89/92 MP: 18/18
  2545 | D        | Noticed an ettin
  2548 | D        | Killed an ettin
  2564 | D        | Reached skill level 10 in Ranged Weapons
  2953 | D        | Noticed an orc knight
  2953 | D        | Noticed an orc knight
  2954 | D        | Noticed an orc high priest
  2957 | D        | Killed an orc high priest
  2958 | D        | Killed an orc knight
  2958 | D        | Noticed an orc knight
  2959 | D        | Noticed an orc sorcerer
  2960 | D        | Killed an orc knight
  2963 | D        | Noticed a sixfirhy
  2967 | D        | Killed an orc knight
  2973 | D        | Killed an orc sorcerer
  3301 | D        | Found Raetid's Jewellery Emporium.
  3301 | D        | Noticed an orc sorcerer
  3304 | D        | Noticed an orc sorcerer
  3314 | D        | Killed an orc sorcerer
  3315 | D        | Reached XP level 12. HP: 55/102 MP: 21/21
  3315 | D        | Found Punli's General Store.
  3320 | D        | Found Xuigidig's General Store.
  3324 | D        | Found Xykuafag's Armour Shoppe.
  3327 | D        | Noticed an orc high priest
  3335 | D        | Killed an orc high priest
  3336 | D        | Noticed an orc high priest
  3343 | D        | Reached skill level 10 in Dodging
  3345 | D        | Killed an orc high priest
  3401 | D        | Bought the +10 tower shield of Ignorance {rN+ Int-4} for
                  | 687 gold pieces
  3401 | D        | Found the +10 tower shield of Ignorance {rN+ Int-4}
  3420 | D        | Bought a +4 ring of slaying for 1014 gold pieces
  3637 | D        | Noticed Erica
  3640 | D        | Killed Erica
  3738 | D        | Noticed an ogre mage
  3738 | D        | Noticed a centaur warrior
  3738 | D        | Noticed an ogre mage
  3738 | D        | a blink frog changed into an entropy weaver
  3738 | D        | Noticed an entropy weaver (shapeshifter)
  3739 | D        | Noticed a boulder beetle
  3741 | D        | Killed an ogre mage
  3743 | D        | Killed a centaur warrior
  3743 | D        | an entropy weaver changed into a queen bee
  3744 | D        | Killed an ogre mage
  3745 | D        | Reached skill level 15 in Shields
  3748 | D        | Killed a boulder beetle
  3749 | D        | Noticed an ettin
  3750 | D        | Noticed a stone giant
  3752 | D        | Noticed an ice dragon
  3754 | D        | a water nymph changed into a glowing orange brain
  3754 | D        | Noticed a glowing orange brain (glowing shapeshifter)
  3754 | D        | Noticed a stone giant
  3756 | D        | Noticed a stone giant
  3758 | D        | Killed a glowing orange brain
  3759 | D        | Reached skill level 15 in Invocations
  3759 | D        | Noticed an ice dragon
  3762 | D        | Killed a stone giant
  3763 | D        | Reached XP level 13. HP: 66/111 MP: 11/24
  3766 | D        | Killed an ettin
  3770 | D        | Killed from afar by an ice dragon

Illustrated notes

Levels and vault maps discovered:
D:        linesprint [early_d, line_temple, items_1, d_10, items_2, lair_1,
          lair_end, items_3, orc_1, orc_end, items_4, d_15, swamp_1, shoals_1,
          snake_1, spider_1, d_20, vaults_1, items_5, swamp_end, shoals_end,
          snake_end, spider_end, vaults_end, d_27, items_6, zot_1, zot_end,
          crypt_end, forest_end, elf_end, slime_end, tomb_end, abyss_end,
          pan_hell_end]

Skill      XL: |  1  2  3  4  5  6  7  8  9 10 11 12 |
---------------+-------------------------------------+-----
Dodging        | 2 3 4 5 6 7 8 9 10 | 10.7
Fighting       | 5 6 7 9 10 12 13 | 13.1
Maces & Flails | 3 4 5 6 8 10 11 13 14 | 14.9
Armour         | 5 6 7 9 10 12 13 | 13.1
Shields        | 6 7 8 9 10 11 12 14 15 | 15.4
Ranged Weapons | 3 4 6 9 11 13 | 13.1
Invocations    | 4 5 8 10 13 15 | 15.4

Action                     |  1- 3 |  4- 6 |  7- 9 | 10-12 | 13-15 || total
---------------------------+-------+-------+-------+-------+-------++-------
  Melee: Flail             |    24 |    13 |       |       |       ||    37
         Dire flail        |       |    15 |    47 |   128 |     5 ||   195
   Fire: Arbalest          |       |       |       |     3 |       ||     3
 Invoke: Slouch            |       |       |     1 |    14 |     2 ||    17
    Use: Potion            |       |     1 |     2 |     3 |     1 ||     7
 Armour: Scale mail        |    15 |    12 |     4 |       |       ||    31
         Chain mail        |       |       |    24 |    23 |       ||    47
  Dodge: Dodged            |    13 |    10 |    54 |    70 |     1 ||   148
  Block: Buckler           |     6 |    10 |    42 |    55 |       ||   113
         Tower shield      |       |       |       |    12 |    10 ||    22
